 Dungeon Crawl Stone Soup version 0.19.5 (webtiles) character file.

40 KyrSir05 the Caller (level 3, -2/19 HPs)
             Began as a Kobold Summoner on Apr 26, 2017.
             Killed from afar by a white imp (3 damage)
             ... with a puff of frost
             ... summoned by Natasha
             ... on level 2 of the Dungeon.
             The game lasted 00:13:45 (2285 turns).

KyrSir05 the Caller (Kobold Summoner)               Turns: 2285, Time: 00:13:46

Health: -2/19      AC:  0    Str:  5    XL:     3   Next: 72%
Magic:  2/7        EV: 15    Int: 17    God:
Gold:   88         SH:  0    Dex: 15    Spells: 3 memorised, 2 levels left

rFire  . . .     SeeInvis .     s - +3 hunting sling
rCold  . . .     Gourm    .     q - -2 robe (curse)
rNeg   . . .     Faith    .     (shield restricted)
rPois  .         Spirit   .     (no helmet)
rElec  .         Reflect  .     (no cloak)
rCorr  .         Harm     .     (no gloves)
MR     .....                    (no boots)
Stlth  ++........               (no amulet)
                                (no ring)
                                (no ring)

@: no status effects
A: carnivore 3
a: no special abilities


You were on level 2 of the Dungeon.
You were not hungry.

You visited 1 branch of the dungeon, and saw 2 of its levels.

You collected 88 gold pieces.

Inventory:

Hand Weapons
 j - a +0 dagger
 l - a +0 whip
 m - a cursed -2 club
 o - a cursed +0 club
 r - a +0 dagger
 s - a +3 hunting sling (weapon)
Missiles
 d - 35 stones (quivered)
Armour
 a - a +0 robe
 e - a +0 ring mail
 g - a +0 robe
 n - a +4 ring mail
 q - a cursed -2 robe (worn)
Scrolls
 f - a scroll of enchant armour {unknown}
 k - 2 scrolls of identify {unknown}
 u - a scroll of random uselessness {unknown}
 v - a scroll of amnesia {unknown}
Potions
 h - a potion of might {unknown}
 i - a potion of cure mutation {unknown}
 p - a potion of degeneration {unknown}
 t - a potion of curing {unknown}
Books
 b - a book of Callings

   Spells                             Type                      Level
   a - Summon Small Mammal            Summoning                    1
   b - Call Imp                       Summoning                    2
   c - Call Canine Familiar           Summoning                    3
   d - Summon Guardian Golem          Hexes/Summoning              3
   e - Summon Lightning Spire         Summoning/Air                4
   f - Summon Ice Beast               Ice/Summoning                4
Comestibles
 c - 2 meat rations


   Skills:
 + Level 2.6 Dodging
 + Level 2.8 Stealth
 + Level 3.0 Spellcasting
 + Level 4.6 Summonings


You had 2 spell levels left.
You knew the following spells:

 Your Spells              Type           Power        Failure   Level  Hunger
a - Summon Small Mammal   Summ           ###.         2%          1    None
b - Call Imp              Summ           ###.....     4%          2    ##.....
c - Summon Guardian Gole  Hex/Summ       ##......     21%         3    ###....


Dungeon Overview and Level Annotations

Branches:
Dungeon (2/15)

Altars:

Annotations:
D:2 Natasha


Innate Abilities, Weirdness & Mutations

You are small and have problems with some larger weapons.
You are carnivorous and can eat meat at any time.


Message History

You resist with significant effort. The white imp barely misses you.
The white imp closely misses you.
Natasha mumbles some strange words.
You clumsily bash Natasha but do no damage.
Natasha barely misses you. The white imp barely misses you.
The crimson imp barely misses you. The white imp hits you.
The white imp freezes you. Natasha claws you!
Ouch! That really hurt!
* * * LOW HITPOINT WARNING * * *
The crimson imp blinks!
You start eating one of the 2 meat rations.
You feel yourself speed up.
Your guardian golem disappears in a puff of smoke!
Natasha completely misses you. The white imp gestures at you.
Keep eating? [Y]es or [N]o only, please.
Keep eating?
You stop eating.
The puff of frost hits you!
You die...

*****###..).....#.#,,,,,.....
#..........#,*,,........
#....♣P.P♣.#,*,,........
#######....♣♣≈≈♣,*,*,.........
#...%......♣♣≈≈♣**,*,.........
#.######♣♣#♣≈≈♣♣ ***..........
#.#....♣♣♣♣♣♣≈P♣♣♣♣♣..........
#.#..#.♣♣PP≈.≈.PP♣PP..........
#.#.<...≈≈≈.≈@h§.≈≈...........
#.#.#..♣♣≈.≈.≈5≈♣♣P♣##########
#.#....♣♣♣♣♣P≈♣♣♣♣♣♣ #..
#.####....♣♣♣≈P♣ #.#
#.........♣♣♣.P♣ #.#
######.....♣♣.5♣ #.#
#.....♣≈.≈♣ #.# #####....##
#.# ###### #.#


You could see Natasha, a crimson imp and a white imp.

Vanquished Creatures (collateral kills)
  Natasha (D:2)
  An adder (D:2)
  A dart slug (D:1)
  A leopard gecko (D:1)
  A ball python (D:1)
  A giant cockroach (D:2)
  2 goblins
  3 hobgoblins (D:1)
  3 jackals (D:2)
  6 bats (D:1)
  2 frilled lizards
  9 kobolds
  2 rats (D:1)
33 creatures vanquished.

Notes
Turn   | Place    | Note
-------+----------+-------------------------------------------
     0 | D:1      | KyrSir05 the Kobold Summoner began the quest for the Orb.
     0 | D:1      | Reached XP level 1. HP: 10/10 MP: 3/3
   379 | D:1      | Reached XP level 2. HP: 15/15 MP: 0/5
   636 | D:1      | Learned a level 2 spell: Call Imp
  1705 | D:2      | Reached XP level 3. HP: 19/19 MP: 2/7
  2129 | D:2      | Noticed Natasha
  2134 | D:2      | Killed Natasha
  2247 | D:2      | Learned a level 3 spell: Summon Guardian Golem
  2267 | D:2      | Noticed Natasha
  2285 | D:2      | Killed from afar by a white imp

Skill      XL: |  1  2  3 |
---------------+----------+-----
Spellcasting   | 3 |  3.0
Dodging        | |  2.6
Stealth        | |  2.8
Summonings     | |  4.6

Action                   || total
-------------------------++-------
Melee: Unarmed           ||     4
       Hunting sling     ||     7
       Whip              ||     1
 Cast: Summon Small Mamm ||    30
       Call Imp          ||    33
       Summon Guardian G ||     2
  Use: Scroll            ||     1
  Eat: Chunk             ||    10
Armor: Robe              ||     2
Dodge: Dodged            ||    54
